 Dungeon Crawl Stone Soup version 0.20.1-1-g8b1a95d (webtiles) character file.

706 slep the Slasher (level 7, -2/61 HPs)
             Began as a Minotaur Fighter on Oct 24, 2017.
             Slain by Grinder (9 damage)
             ... on level 5 of the Dungeon.
             The game lasted 00:18:16 (3864 turns).

slep the Slasher (Minotaur Fighter)                 Turns: 3864, Time: 00:18:17

Health: -2/61      AC:  9    Str: 24    XL:     7   Next: 39%
Magic:  6/6        EV: 10    Int:  5    God:
Gold:   227        SH: 10    Dex: 12    Spells: 6/6 levels left

rFire    . . .     SeeInvis .   a - +0 long sword
rCold    + . .     Gourm    .   c - +0 shield
rNeg     . . .     Faith    .   h - +2 ring mail {rC+}
rPois    .         Spirit   .   i - +0 hat
rElec    .         Reflect  .   (no cloak)
rCorr    .         Harm     .   E - +0 pair of gloves
MR       +....                  (no boots)
Stlth    +.........             r - amulet of inaccuracy (curse)
Regen    0.2/turn               F - +4 ring of strength
MPRegen  0.1/turn               p - ring of protection from magic

@: no status effects
A: retaliatory headbutt, horns 2
a: no special abilities


You were on level 5 of the Dungeon.
You were near starving.

You visited 1 branch of the dungeon, and saw 5 of its levels.

You collected 227 gold pieces.

Inventory:

Hand Weapons
 a - a +0 long sword (weapon)
Armour
 b - a +0 scale mail
 c - a +0 shield (worn)
 h - a +2 ring mail of cold resistance (worn)
 i - a +0 hat (worn)
 x - a +1 animal skin
 E - a +0 pair of gloves (worn)
Jewellery
 g - an uncursed ring of flight
 n - a +5 amulet of reflection
 o - an uncursed amulet of rage
 p - a ring of protection from magic (right hand)
 r - a cursed amulet of inaccuracy (around neck)
 y - an uncursed ring of magical power
 F - a +4 ring of strength (left hand)
 J - an uncursed ring of magical power
Wands
 H - a wand of random effects (23/48)
Scrolls
 e - 3 scrolls of remove curse {unknown}
 m - 6 scrolls of identify {unknown}
 u - 5 scrolls of teleportation {unknown}
 v - a scroll of magic mapping {unknown}
 w - a scroll of recharging {unknown}
 A - a scroll of enchant armour {unknown}
 C - a scroll of amnesia {unknown}
 G - a scroll of noise {unknown}
Potions
 d - a potion of might
 j - 3 potions of haste {unknown}
 k - 2 potions of ambrosia {unknown}
 l - 3 potions of curing {unknown}
 q - 2 potions of lignification {unknown}
 t - a potion of degeneration {unknown}
 D - 2 potions of mutation {unknown}
 K - 2 potions of brilliance {unknown}
Books
 I - a book of Necromancy

   Spells                             Type                      Level
   a - Pain                           Necromancy                   1
   b - Animate Skeleton               Necromancy                   1
   c - Vampiric Draining              Necromancy                   3
   d - Regeneration                   Charms/Necromancy            3
   e - Animate Dead                   Necromancy                   4
   f - Control Undead                 Necromancy                   4
Comestibles
 f - 5 bread rations
 s - 2 royal jellies
 z - a meat ration
 B - 2 fruits


   Skills:
 + Level 5.0 Fighting
 + Level 6.4 Long Blades
 + Level 5.1 Armour
 + Level 2.5 Dodging
 + Level 0.1 Stealth
 + Level 6.0 Shields


You had 6 spell levels left.
You didn't know any spells.

Dungeon Overview and Level Annotations

Branches:
Dungeon (5/15)
 Temple: D:4-7

Altars:
Nemelex Xobeh
Xom

Annotations:
D:5 Grinder


Innate Abilities, Weirdness & Mutations

You reflexively headbutt those who attack you in melee.
You have a pair of horns on your head.


Message History

Grinder gestures at you. You resist with some effort. Grinder gestures at you.
Pain shoots through your body!
* * * LOW HITPOINT WARNING * * *
The crimson imp hits you but does no damage.
Grinder hits you.
* * * LOW HITPOINT WARNING * * *
You can move again.
You hit Grinder.
Grinder is lightly wounded.
You block the crimson imp's attack. Grinder gestures at you.
You resist with almost no effort.
The crimson imp lashes its tail.
The crimson imp barely misses you.
You miss Grinder. You headbutt Grinder.
Grinder is lightly wounded.
Grinder hits you!
You die...

#....# ......... #....+
......... #....#
......... #....#
........# #....'
........# #....#
........# #....#
........###########....#
.......@5..........#'###
.......5.).........#...'
########).[........#..##
#...........##+#.
#................
#................
#................
#................
##############'##


You could see Grinder and a crimson imp.

Vanquished Creatures
  An ice beast (D:5)
  A centaur (D:5)
  3 scorpions (D:5)
  2 hounds
  An iguana (D:4)
  A worker ant (D:4)
  2 hound zombies
  Robin (D:3)
  4 gnolls
  9 adders
  A shadow imp (D:4)
  2 oozes
  A worm (D:2)
  2 dart slugs
  2 leopard geckos
  An orc (D:4)
  3 giant cockroaches
  16 goblins
  14 hobgoblins
  7 jackals (D:4)
  4 kobolds
  3 quokkas
  5 ball pythons
  5 bats
  6 frilled lizards
  10 rats
107 creatures vanquished.

Notes
Turn   | Place    | Note
-------+----------+-------------------------------------------
     0 | D:1      | slep the Minotaur Fighter began the quest for the Orb.
     0 | D:1      | Reached XP level 1. HP: 19/19 MP: 0/0
   118 | D:1      | Reached XP level 2. HP: 14/27 MP: 1/1
   345 | D:1      | Reached XP level 3. HP: 23/33 MP: 2/2
   967 | D:2      | Reached XP level 4. HP: 40/40 MP: 3/3
  1257 | D:2      | Reached skill level 1 in Dodging
  1654 | D:3      | Noticed Robin
  1677 | D:3      | Killed Robin
  1821 | D:3      | Found a shimmering altar of Xom.
  1841 | D:3      | Reached XP level 5. HP: 41/46 MP: 4/4
  2463 | D:4      | Found a sparkling altar of Nemelex Xobeh.
  2755 | D:4      | Reached skill level 5 in Long Blades
  2812 | D:4      | Reached XP level 6. HP: 31/53 MP: 5/5
  2940 | D:4      | Reached skill level 5 in Shields
  3247 | D:5      | Entered Level 5 of the Dungeon
  3354 | D:5      | Noticed an ice beast
  3362 | D:5      | Killed an ice beast
  3426 | D:5      | Reached skill level 5 in Armour
  3547 | D:5      | Reached XP level 7. HP: 52/60 MP: 6/6
  3834 | D:5      | Noticed Grinder
  3842 | D:5      | Reached skill level 5 in Fighting
  3857 | D:5      | Paralysed by Grinder for 6 turns
  3864 | D:5      | Slain by Grinder

Skill      XL: |  1  2  3  4  5  6  7 |
---------------+----------------------+-----
Shields        | 4 5 6 |  6.0
Long Blades    | 3 4 5 6 |  6.4
Fighting       | 4 5 |  5.0
Armour         | 4 5 |  5.1
Dodging        | 1 2 |  2.5
Stealth        | |  0.1

Action                   |  1- 3 |  4- 6 |  7- 9 || total
-------------------------+-------+-------+-------++-------
Melee: Long sword        |    83 |   231 |    25 ||   339
       Headbutt          |    15 |    28 |     6 ||    49
  Eat: Chunk             |       |     8 |       ||     8
Armor: Scale mail        |    17 |       |       ||    17
       Ring mail         |    19 |    88 |    13 ||   120
Dodge: Dodged            |    26 |    72 |    11 ||   109
Block: Shield            |    54 |   105 |    24 ||   183
       Rpst.: Long sword |     2 |    28 |     3 ||    33
